[ PARTIDA AOE2 · #478635968 ]
UnrankedBorgoñones vs Koreans
[ ANÁLISIS DE REPETICIÓN · EXTRAÍDO DE LA PARTIDA GRABADA ]
Feudal
11:05
Castillos
17:48
Imperial
—
| APM promedio | 20.0 |
| APM pico | 43 |
| eAPM promedio | 10.4 |
| Aldeanos / militares | 46 / 0 |
Foco
⚔️ 12.2% · 🌾 87.8%
Feudal
10:07
Castillos
—
Imperial
—
| APM promedio | 17.3 |
| APM pico | 57 |
| eAPM promedio | 7.8 |
| Aldeanos / militares | 41 / 0 |
Foco
⚔️ 2.1% · 🌾 97.9%
Feudal
11:52
Castillos
—
Imperial
—
| APM promedio | 13.4 |
| APM pico | 26 |
| eAPM promedio | 7.8 |
| Aldeanos / militares | 43 / 4 |
Foco
⚔️ 5.0% · 🌾 95.0%
Spearman ×4
Feudal
11:34
Castillos
20:35
Imperial
—
| APM promedio | 18.3 |
| APM pico | 26 |
| eAPM promedio | 8.7 |
| Aldeanos / militares | 27 / 6 |
Foco
⚔️ 18.2% · 🌾 81.8%
Archer ×3 · Militia ×3
Feudal
13:51
Castillos
—
Imperial
—
| APM promedio | 9.9 |
| APM pico | 36 |
| eAPM promedio | 5.8 |
| Aldeanos / militares | 24 / 0 |
Foco
⚔️ 9.6% · 🌾 90.4%
Feudal
12:23
Castillos
17:58
Imperial
—
| APM promedio | 25.3 |
| APM pico | 59 |
| eAPM promedio | 9.9 |
| Aldeanos / militares | 50 / 0 |
Foco
⚔️ 3.1% · 🌾 96.9%
Feudal
13:31
Castillos
—
Imperial
—
| APM promedio | 24.0 |
| APM pico | 92 |
| eAPM promedio | 10.3 |
| Aldeanos / militares | 32 / 0 |
Foco
⚔️ 13.7% · 🌾 86.3%
Feudal
14:12
Castillos
—
Imperial
—
| APM promedio | 17.1 |
| APM pico | 36 |
| eAPM promedio | 7.6 |
| Aldeanos / militares | 36 / 5 |
Foco
⚔️ 9.1% · 🌾 90.9%
Spearman ×5
Mapa de la partida
Recursos iniciales + cada clic de construcción. Líneas = muros · curvas = relieve. ◆ oro · ⬟ piedra · ● bayas · ✦ reliquia · ◌ hueco del cierre
Tu base· Abierta — el rival se encerró
Base de Mojojoto· ✓ Cerrada en 17:50 · 0t muro · sin puerta
Base de c16levi.braley· ✓ Cerrada en 12:00 · 0t muro · sin puerta
Base de Baku74· ✓ Cerrada en 20:35 · 10t muro · 1 puerta(s)
Base de Comander· ✓ Cerrada en 12:00 · 17t muro · sin puerta
Base de SNES· Abierta — el rival se encerró
Base de 𝕬𝟏𝖀𝟒𝕯𝟖𝖀𝟖· ✓ Cerrada en 12:00 · 66t muro · 2 puerta(s)
Base de AMIGO MAICOL· Abierta — el rival se encerró
Terreno inicial suavizado · ◌ = hueco del cierre detectado · pasá el cursor para detalles
Inputs por minuto
— leocancer8767 - - Mojojoto
Build order — leocancer8767
105 acciones detectadas en el replay
| 0:01 | Crear | Villager (Male) |
| 0:01 | Crear | Villager (Male) |
| 0:02 | Crear | Villager (Male) |
| 0:02 | Crear | Villager (Male) |
| 0:05 | Construir | House |
| 0:07 | Construir | House |
| 1:35 | Crear | Villager (Male) |
| 2:06 | Crear | Villager (Male) |
| 2:33 | Crear | Villager (Male) |
| 2:59 | Crear | Villager (Male) |
| 3:19 | Crear | Villager (Male) |
| 3:49 | Crear | Villager (Male) |
| 4:00 | Construir | House |
| 4:04 | Construir | Lumber Camp |
| 4:15 | Crear | Villager (Male) |
| 4:43 | Crear | Villager (Male) |
| 4:44 | Crear | Villager (Male) |
| 4:44 | Crear | Villager (Male) |
| 4:50 | Crear | Villager (Male) |
| 4:50 | Crear | Villager (Male) |
| 5:13 | Crear | Villager (Male) |
| 5:45 | Construir | House |
| 7:05 | Crear | Villager (Male) |
| 7:12 | Construir | Mill |
| 7:21 | Construir | Mill |
| 7:29 | Crear | Villager (Male) |
| 8:55 | Investigar | Feudal Age |
| 8:59 | Investigar | Double-Bit Axe |
| 9:02 | Investigar | Horse Collar |
| 10:29 | Crear | Villager (Male) |
| 10:49 | Construir | House |
| 10:54 | Construir | Farm |
| 10:56 | Construir | Farm |
| 10:57 | Construir | Farm |
| 10:58 | Construir | Farm |
| 11:02 | Construir | Farm |
| 11:04 | Construir | Farm |
| 11:05 | Edad | Edad Feudal |
| 11:13 | Investigar | Bow Saw |
| 11:15 | Investigar | Heavy Plow |
| 11:30 | Crear | Villager (Male) |
| 11:33 | Construir | Farm |
| 11:57 | Crear | Villager (Male) |
| 11:59 | Construir | Farm |
| 12:16 | Crear | Villager (Male) |
| 12:25 | Construir | Farm |
| 12:44 | Crear | Villager (Male) |
| 12:53 | Construir | Mining Camp |
| 12:57 | Crear | Villager (Male) |
| 13:22 | Crear | Villager (Male) |
| 13:33 | Crear | Villager (Male) |
| 13:44 | Construir | Market |
| 13:51 | Construir | Blacksmith |
| 15:08 | Investigar | Castle Age |
| 16:03 | Crear | Villager (Male) |
| 16:36 | Crear | Villager (Male) |
| 16:47 | Construir | House |
| 16:48 | Construir | House |
| 17:25 | Investigar | Gold Mining |
| 17:32 | Investigar | Stone Mining |
| 17:48 | Edad | Edad de los Castillos |
| 18:05 | Construir | Town Center |
| 19:21 | Construir | Town Center |
| 19:31 | Crear | Villager (Male) |
| 19:32 | Crear | Villager (Male) |
| 19:35 | Crear | Villager (Male) |
| 19:48 | Construir | Barracks |
| 20:01 | Construir | House |
| 20:02 | Construir | House |
| 20:03 | Construir | House |
| 20:37 | Investigar | Gold Mining |
| 20:38 | Crear | Villager (Male) |
| 20:46 | Construir | Stable |
| 20:49 | Construir | Stable |
| 20:53 | Crear | Villager (Male) |
| 20:54 | Crear | Villager (Male) |
| 21:04 | Construir | Farm |
| 21:04 | Construir | Farm |
| 21:04 | Construir | Farm |
| 21:04 | Construir | Farm |
| 21:05 | Construir | Farm |
| 21:08 | Crear | Villager (Male) |
| 21:10 | Crear | Villager (Male) |
| 21:11 | Crear | Villager (Male) |
| 21:14 | Crear | Villager (Male) |
| 21:15 | Crear | Villager (Male) |
| 21:19 | Investigar | Gold Shaft Mining |
| 21:20 | Investigar | Two-Man Saw |
| 21:36 | Investigar | Scale Barding Armor |
| 21:47 | Investigar | Husbandry |
| 21:53 | Investigar | Cavalier (upgrade) |
| 22:01 | Construir | House |
| 22:01 | Construir | House |
| 22:01 | Construir | House |
| 22:01 | Construir | House |
| 22:02 | Construir | House |
| 22:02 | Construir | House |
| 22:04 | Crear | Villager (Male) |
| 22:11 | Crear | Villager (Male) |
| 22:15 | Investigar | Wheelbarrow |
| 22:19 | Crear | Villager (Male) |
| 22:20 | Crear | Villager (Male) |
| 22:35 | Crear | Villager (Male) |
| 22:53 | Investigar | Crop Rotation |
| 23:04 | Crear | Villager (Male) |
Build order — Mojojoto
77 acciones detectadas en el replay
| 0:02 | Crear | Villager (Male) |
| 0:02 | Crear | Villager (Male) |
| 0:02 | Crear | Villager (Male) |
| 0:03 | Crear | Villager (Male) |
| 0:04 | Construir | House |
| 0:05 | Construir | House |
| 1:33 | Crear | Villager (Male) |
| 2:02 | Crear | Villager (Male) |
| 2:03 | Crear | Villager (Male) |
| 2:23 | Construir | Lumber Camp |
| 2:27 | Crear | Villager (Male) |
| 3:08 | Crear | Villager (Male) |
| 3:08 | Crear | Villager (Male) |
| 3:08 | Crear | Villager (Male) |
| 3:29 | Crear | Villager (Male) |
| 3:29 | Crear | Villager (Male) |
| 4:30 | Crear | Villager (Male) |
| 4:30 | Crear | Villager (Male) |
| 4:30 | Crear | Villager (Male) |
| 4:42 | Crear | Villager (Male) |
| 4:42 | Crear | Villager (Male) |
| 5:00 | Investigar | Loom |
| 5:03 | Construir | House |
| 5:04 | Crear | Villager (Male) |
| 5:39 | Crear | Villager (Male) |
| 5:40 | Crear | Villager (Male) |
| 6:09 | Construir | Mill |
| 6:13 | Crear | Villager (Male) |
| 6:41 | Crear | Villager (Male) |
| 6:56 | Crear | Villager (Male) |
| 7:07 | Construir | House |
| 7:57 | Investigar | Feudal Age |
| 9:44 | Crear | Villager (Male) |
| 9:44 | Crear | Villager (Male) |
| 9:46 | Crear | Villager (Male) |
| 9:56 | Construir | Mining Camp |
| 10:07 | Edad | Edad Feudal |
| 10:08 | Investigar | Double-Bit Axe |
| 10:11 | Investigar | Horse Collar |
| 10:19 | Crear | Villager (Male) |
| 10:20 | Crear | Villager (Male) |
| 10:39 | Construir | Blacksmith |
| 11:05 | Construir | Lumber Camp |
| 11:13 | Crear | Villager (Male) |
| 11:19 | Construir | House |
| 11:34 | Investigar | Wheelbarrow |
| 12:03 | Crear | Villager (Male) |
| 12:04 | Crear | Villager (Male) |
| 12:35 | Crear | Villager (Male) |
| 13:36 | Construir | Market |
| 13:39 | Construir | Farm |
| 13:40 | Construir | Farm |
| 13:41 | Construir | Farm |
| 13:45 | Construir | Farm |
| 13:46 | Construir | Farm |
| 14:04 | Crear | Villager (Male) |
| 14:31 | Construir | Farm |
| 14:32 | Construir | Farm |
| 14:34 | Construir | Farm |
| 14:36 | Crear | Villager (Male) |
| 14:43 | Construir | House |
| 15:16 | Crear | Villager (Male) |
| 15:16 | Crear | Villager (Male) |
| 15:19 | Construir | Farm |
| 15:22 | Construir | Farm |
| 15:23 | Construir | Farm |
| 15:29 | Crear | Villager (Male) |
| 16:08 | Construir | Lumber Camp |
| 16:10 | Crear | Villager (Male) |
| 16:25 | Construir | Farm |
| 16:41 | Construir | Farm |
| 16:48 | Crear | Villager (Male) |
| 16:50 | Crear | Villager (Male) |
| 17:02 | Construir | Farm |
| 17:03 | Construir | Farm |
| 17:18 | Construir | House |
| 17:50 | Investigar | Castle Age |
Build order — c16levi.braley
89 acciones detectadas en el replay
| 0:06 | Construir | House |
| 0:07 | Crear | Villager (Male) |
| 0:08 | Crear | Villager (Male) |
| 0:08 | Crear | Villager (Male) |
| 0:08 | Crear | Villager (Male) |
| 0:32 | Construir | House |
| 1:32 | Crear | Villager (Male) |
| 2:09 | Crear | Villager (Male) |
| 2:42 | Crear | Villager (Male) |
| 3:04 | Crear | Villager (Male) |
| 3:19 | Construir | Mill |
| 3:35 | Crear | Villager (Male) |
| 4:04 | Crear | Villager (Male) |
| 4:04 | Crear | Villager (Male) |
| 4:12 | Construir | House |
| 4:43 | Construir | Lumber Camp |
| 4:53 | Crear | Villager (Male) |
| 4:53 | Crear | Villager (Male) |
| 5:14 | Crear | Villager (Male) |
| 5:15 | Crear | Villager (Male) |
| 5:37 | Crear | Villager (Male) |
| 5:54 | Crear | Villager (Male) |
| 5:59 | Construir | House |
| 6:36 | Crear | Villager (Male) |
| 6:37 | Crear | Villager (Male) |
| 7:34 | Crear | Villager (Male) |
| 8:26 | Crear | Villager (Male) |
| 8:55 | Construir | House |
| 9:02 | Crear | Villager (Male) |
| 9:42 | Investigar | Feudal Age |
| 9:49 | Construir | House |
| 10:18 | Construir | Mining Camp |
| 11:02 | Construir | Mining Camp |
| 11:23 | Crear | Villager (Male) |
| 11:52 | Edad | Edad Feudal |
| 11:54 | Crear | Villager (Male) |
| 11:54 | Crear | Villager (Male) |
| 12:10 | Construir | Barracks |
| 12:38 | Investigar | Wheelbarrow |
| 12:43 | Construir | Farm |
| 12:45 | Construir | Farm |
| 12:49 | Crear | Villager (Male) |
| 12:49 | Crear | Villager (Male) |
| 12:54 | Crear | Villager (Male) |
| 13:40 | Construir | Mining Camp |
| 13:44 | Construir | Farm |
| 13:56 | Construir | Lumber Camp |
| 14:06 | Crear | Spearman |
| 14:06 | Crear | Spearman |
| 14:28 | Construir | Stone Wall |
| 14:33 | Construir | Gate |
| 14:50 | Crear | Spearman |
| 14:52 | Crear | Spearman |
| 15:04 | Crear | Villager (Male) |
| 15:11 | Crear | Villager (Male) |
| 15:14 | Crear | Villager (Male) |
| 15:14 | Crear | Villager (Male) |
| 15:17 | Construir | House |
| 15:18 | Construir | House |
| 16:02 | Construir | Farm |
| 16:24 | Construir | Farm |
| 16:27 | Crear | Villager (Male) |
| 16:33 | Construir | Farm |
| 17:54 | Crear | Villager (Male) |
| 17:55 | Crear | Villager (Male) |
| 17:57 | Construir | Farm |
| 18:02 | Construir | Farm |
| 18:19 | Crear | Villager (Male) |
| 18:25 | Construir | Farm |
| 18:28 | Crear | Villager (Male) |
| 18:28 | Crear | Villager (Male) |
| 19:05 | Construir | Farm |
| 19:13 | Construir | Farm |
| 19:18 | Crear | Villager (Male) |
| 20:17 | Construir | Farm |
| 20:20 | Construir | Farm |
| 20:22 | Investigar | Horse Collar |
| 20:26 | Crear | Villager (Male) |
| 20:38 | Crear | Villager (Male) |
| 20:38 | Crear | Villager (Male) |
| 20:39 | Crear | Villager (Male) |
| 20:42 | Construir | Farm |
| 21:03 | Construir | Mining Camp |
| 21:24 | Construir | House |
| 21:26 | Construir | House |
| 21:27 | Construir | House |
| 21:28 | Construir | House |
| 21:30 | Construir | House |
| 22:54 | Construir | Farm |
Build order — Baku74
80 acciones detectadas en el replay
| 0:05 | Construir | House |
| 0:10 | Construir | House |
| 0:21 | Investigar | Loom |
| 1:23 | Crear | Villager (Male) |
| 1:45 | Crear | Villager (Male) |
| 1:55 | Construir | Lumber Camp |
| 2:42 | Crear | Villager (Male) |
| 2:49 | Crear | Villager (Male) |
| 3:16 | Crear | Villager (Male) |
| 3:51 | Crear | Villager (Male) |
| 4:22 | Crear | Villager (Male) |
| 4:39 | Construir | Mill |
| 4:48 | Crear | Villager (Male) |
| 4:53 | Construir | House |
| 5:00 | Construir | House |
| 5:14 | Crear | Villager (Male) |
| 5:39 | Crear | Villager (Male) |
| 6:26 | Crear | Villager (Male) |
| 6:29 | Crear | Villager (Male) |
| 6:34 | Crear | Villager (Male) |
| 7:33 | Crear | Villager (Male) |
| 7:49 | Crear | Villager (Male) |
| 8:10 | Crear | Villager (Male) |
| 8:54 | Crear | Villager (Male) |
| 9:00 | Construir | Mining Camp |
| 9:20 | Crear | Villager (Male) |
| 9:25 | Investigar | Feudal Age |
| 9:42 | Construir | House |
| 10:19 | Construir | House |
| 10:54 | Crear | Villager (Male) |
| 10:55 | Crear | Villager (Male) |
| 11:17 | Construir | House |
| 11:34 | Edad | Edad Feudal |
| 12:03 | Construir | House |
| 12:05 | Construir | House |
| 12:19 | Crear | Villager (Male) |
| 12:33 | Construir | Mill |
| 12:49 | Crear | Villager (Male) |
| 13:02 | Construir | Market |
| 13:13 | Construir | Blacksmith |
| 13:19 | Construir | Palisade Wall |
| 13:29 | Crear | Villager (Male) |
| 13:33 | Crear | Villager (Male) |
| 14:36 | Construir | Palisade Wall |
| 16:51 | Crear | Villager (Male) |
| 17:02 | Construir | Farm |
| 17:02 | Construir | Farm |
| 17:02 | Construir | Farm |
| 17:03 | Construir | Farm |
| 17:55 | Investigar | Castle Age |
| 18:09 | Construir | Farm |
| 18:09 | Construir | Farm |
| 18:09 | Construir | Farm |
| 18:09 | Construir | Farm |
| 18:10 | Construir | Farm |
| 18:11 | Construir | Farm |
| 18:18 | Construir | Farm |
| 18:18 | Construir | Farm |
| 18:27 | Construir | House |
| 18:32 | Construir | Barracks |
| 19:22 | Construir | Palisade Wall |
| 19:33 | Construir | Palisade Gate |
| 19:39 | Construir | Archery Range |
| 19:46 | Construir | Palisade Wall |
| 19:51 | Investigar | Man-at-Arms (upgrade) |
| 20:05 | Investigar | Forging |
| 20:29 | Crear | Villager (Male) |
| 20:29 | Crear | Villager (Male) |
| 20:33 | Investigar | Double-Bit Axe |
| 20:35 | Investigar | Gold Mining |
| 20:35 | Edad | Edad de los Castillos |
| 20:37 | Investigar | Horse Collar |
| 20:44 | Crear | Militia |
| 20:48 | Crear | Archer |
| 21:49 | Construir | Watch Tower |
| 22:30 | Crear | Militia |
| 22:36 | Crear | Archer |
| 22:47 | Crear | Archer |
| 22:49 | Crear | Militia |
| 23:04 | Construir | Siege Workshop |
Build order — Comander
51 acciones detectadas en el replay
| 0:05 | Investigar | Loom |
| 0:05 | Crear | Villager (Male) |
| 0:05 | Crear | Villager (Male) |
| 0:06 | Crear | Villager (Male) |
| 0:09 | Construir | House |
| 1:19 | Crear | Villager (Male) |
| 2:11 | Construir | House |
| 2:22 | Crear | Villager (Male) |
| 2:22 | Crear | Villager (Male) |
| 3:06 | Crear | Villager (Male) |
| 3:32 | Construir | House |
| 3:37 | Crear | Villager (Male) |
| 4:04 | Construir | Lumber Camp |
| 4:10 | Crear | Villager (Male) |
| 4:10 | Crear | Villager (Male) |
| 4:10 | Crear | Villager (Male) |
| 5:10 | Construir | House |
| 5:16 | Crear | Villager (Male) |
| 5:16 | Crear | Villager (Male) |
| 5:17 | Crear | Villager (Male) |
| 5:41 | Crear | Villager (Male) |
| 6:13 | Crear | Villager (Male) |
| 6:22 | Construir | Mill |
| 6:40 | Construir | Palisade Wall |
| 6:54 | Construir | House |
| 7:10 | Crear | Villager (Male) |
| 7:57 | Construir | House |
| 7:59 | Crear | Villager (Male) |
| 8:00 | Crear | Villager (Male) |
| 8:00 | Crear | Villager (Male) |
| 8:01 | Crear | Villager (Male) |
| 8:31 | Construir | House |
| 9:47 | Construir | House |
| 9:58 | Construir | House |
| 10:06 | Construir | Mill |
| 10:09 | Crear | Villager (Male) |
| 10:43 | Construir | House |
| 10:45 | Construir | House |
| 10:51 | Crear | Villager (Male) |
| 11:08 | Crear | Villager (Male) |
| 11:22 | Construir | Mining Camp |
| 11:27 | Investigar | Feudal Age |
| 11:43 | Construir | Palisade Wall |
| 11:45 | Construir | Palisade Wall |
| 12:49 | Construir | Farm |
| 12:51 | Construir | Farm |
| 12:52 | Construir | Farm |
| 12:53 | Construir | Farm |
| 12:55 | Construir | Farm |
| 13:10 | Construir | Lumber Camp |
| 13:51 | Edad | Edad Feudal |
Build order — SNES
95 acciones detectadas en el replay
| 0:05 | Construir | House |
| 0:07 | Construir | House |
| 0:09 | Construir | House |
| 0:11 | Crear | Villager (Male) |
| 0:11 | Crear | Villager (Male) |
| 0:11 | Crear | Villager (Male) |
| 1:02 | Crear | Villager (Male) |
| 1:03 | Crear | Villager (Male) |
| 1:52 | Crear | Villager (Male) |
| 1:52 | Crear | Villager (Male) |
| 2:10 | Construir | Lumber Camp |
| 2:42 | Crear | Villager (Male) |
| 2:42 | Crear | Villager (Male) |
| 3:04 | Crear | Villager (Male) |
| 3:05 | Crear | Villager (Male) |
| 3:32 | Crear | Villager (Male) |
| 3:33 | Crear | Villager (Male) |
| 3:58 | Crear | Villager (Male) |
| 3:58 | Crear | Villager (Male) |
| 4:35 | Crear | Villager (Male) |
| 4:35 | Crear | Villager (Male) |
| 5:02 | Crear | Villager (Male) |
| 5:02 | Crear | Villager (Male) |
| 5:02 | Crear | Villager (Male) |
| 5:03 | Crear | Villager (Male) |
| 6:04 | Construir | Mill |
| 6:30 | Crear | Villager (Male) |
| 6:31 | Crear | Villager (Male) |
| 6:31 | Crear | Villager (Male) |
| 6:31 | Crear | Villager (Male) |
| 7:06 | Crear | Villager (Male) |
| 8:21 | Construir | House |
| 8:23 | Construir | House |
| 8:25 | Construir | House |
| 9:14 | Crear | Villager (Male) |
| 9:14 | Crear | Villager (Male) |
| 10:09 | Investigar | Feudal Age |
| 10:13 | Investigar | Feudal Age |
| 10:27 | Construir | Mining Camp |
| 11:26 | Construir | Barracks |
| 11:40 | Crear | Villager (Male) |
| 12:23 | Edad | Edad Feudal |
| 12:25 | Construir | House |
| 12:26 | Construir | House |
| 12:29 | Crear | Villager (Male) |
| 12:32 | Crear | Villager (Male) |
| 12:52 | Construir | Blacksmith |
| 13:25 | Construir | Lumber Camp |
| 13:34 | Crear | Villager (Male) |
| 13:34 | Crear | Villager (Male) |
| 14:21 | Construir | Market |
| 14:30 | Construir | Market |
| 14:35 | Crear | Villager (Male) |
| 14:35 | Crear | Villager (Male) |
| 14:45 | Construir | Farm |
| 14:50 | Construir | Farm |
| 14:54 | Construir | Farm |
| 15:18 | Investigar | Castle Age |
| 15:28 | Construir | Farm |
| 16:03 | Construir | Mining Camp |
| 16:10 | Construir | Farm |
| 16:12 | Construir | Farm |
| 16:14 | Construir | Farm |
| 16:19 | Construir | Farm |
| 16:37 | Investigar | Double-Bit Axe |
| 16:56 | Investigar | Gold Mining |
| 17:03 | Crear | Villager (Male) |
| 17:03 | Crear | Villager (Male) |
| 17:50 | Crear | Villager (Male) |
| 17:58 | Edad | Edad de los Castillos |
| 18:50 | Construir | Farm |
| 18:53 | Crear | Villager (Male) |
| 18:53 | Crear | Villager (Male) |
| 19:04 | Construir | Stable |
| 19:08 | Investigar | Gold Shaft Mining |
| 19:25 | Construir | Town Center |
| 19:50 | Investigar | Wheelbarrow |
| 19:52 | Crear | Villager (Male) |
| 20:17 | Investigar | Stone Mining |
| 20:53 | Crear | Villager (Male) |
| 20:54 | Crear | Villager (Male) |
| 21:25 | Crear | Villager (Male) |
| 21:26 | Crear | Villager (Male) |
| 21:52 | Crear | Villager (Male) |
| 21:53 | Crear | Villager (Male) |
| 22:27 | Construir | Farm |
| 22:34 | Construir | Farm |
| 22:38 | Construir | Farm |
| 22:44 | Construir | Farm |
| 22:51 | Construir | Farm |
| 22:57 | Construir | Farm |
| 23:01 | Construir | Farm |
| 23:03 | Crear | Villager (Male) |
| 23:04 | Crear | Villager (Male) |
| 23:04 | Crear | Villager (Male) |
Build order — 𝕬𝟏𝖀𝟒𝕯𝟖𝖀𝟖
79 acciones detectadas en el replay
| 0:02 | Crear | Villager (Male) |
| 0:02 | Crear | Villager (Male) |
| 0:03 | Crear | Villager (Male) |
| 0:05 | Construir | House |
| 0:06 | Construir | House |
| 0:13 | Crear | Villager (Male) |
| 0:13 | Crear | Villager (Male) |
| 1:25 | Crear | Villager (Male) |
| 2:05 | Crear | Villager (Male) |
| 2:05 | Crear | Villager (Male) |
| 2:05 | Crear | Villager (Male) |
| 2:24 | Crear | Villager (Male) |
| 2:56 | Construir | Lumber Camp |
| 3:06 | Investigar | Loom |
| 3:06 | Crear | Villager (Male) |
| 3:07 | Crear | Villager (Male) |
| 3:39 | Crear | Villager (Male) |
| 4:22 | Construir | House |
| 4:43 | Crear | Villager (Male) |
| 4:57 | Crear | Villager (Male) |
| 5:28 | Construir | Mill |
| 5:38 | Crear | Villager (Male) |
| 5:39 | Crear | Villager (Male) |
| 5:52 | Construir | Palisade Wall |
| 5:59 | Crear | Villager (Male) |
| 6:28 | Construir | House |
| 6:48 | Construir | Palisade Gate |
| 7:05 | Crear | Villager (Male) |
| 7:05 | Crear | Villager (Male) |
| 7:05 | Crear | Villager (Male) |
| 7:20 | Construir | Palisade Wall |
| 7:38 | Construir | Palisade Wall |
| 7:52 | Crear | Villager (Male) |
| 8:18 | Construir | House |
| 8:19 | Construir | House |
| 8:23 | Construir | House |
| 8:31 | Construir | Palisade Wall |
| 8:33 | Construir | Palisade Gate |
| 8:49 | Construir | Palisade Gate |
| 8:51 | Crear | Villager (Male) |
| 8:51 | Crear | Villager (Male) |
| 8:51 | Crear | Villager (Male) |
| 9:59 | Crear | Villager (Male) |
| 10:01 | Crear | Villager (Male) |
| 10:01 | Crear | Villager (Male) |
| 10:03 | Investigar | Feudal Age |
| 10:59 | Construir | Mining Camp |
| 11:34 | Construir | House |
| 11:35 | Construir | House |
| 11:36 | Construir | House |
| 11:39 | Construir | House |
| 11:50 | Construir | House |
| 12:02 | Construir | Farm |
| 12:02 | Construir | Farm |
| 12:03 | Construir | Farm |
| 12:03 | Construir | Farm |
| 12:03 | Construir | Farm |
| 12:03 | Construir | Farm |
| 12:04 | Construir | Farm |
| 12:27 | Construir | Mining Camp |
| 12:53 | Construir | Palisade Wall |
| 12:54 | Construir | Palisade Wall |
| 12:55 | Construir | Palisade Wall |
| 12:56 | Construir | Palisade Wall |
| 12:58 | Construir | Palisade Wall |
| 12:59 | Construir | Palisade Wall |
| 13:00 | Construir | Palisade Wall |
| 13:02 | Construir | Palisade Wall |
| 13:08 | Crear | Villager (Male) |
| 13:08 | Crear | Villager (Male) |
| 13:31 | Edad | Edad Feudal |
| 14:45 | Investigar | Wheelbarrow |
| 14:55 | Construir | Market |
| 15:00 | Construir | Blacksmith |
| 15:13 | Construir | Palisade Wall |
| 15:45 | Crear | Villager (Male) |
| 15:45 | Crear | Villager (Male) |
| 16:39 | Construir | Mining Camp |
| 16:44 | Investigar | Town Watch |
Build order — AMIGO MAICOL
74 acciones detectadas en el replay
| 0:20 | Construir | House |
| 0:25 | Construir | House |
| 0:28 | Crear | Villager (Male) |
| 0:57 | Crear | Villager (Male) |
| 0:58 | Crear | Villager (Male) |
| 2:01 | Crear | Villager (Male) |
| 2:38 | Crear | Villager (Male) |
| 3:19 | Crear | Villager (Male) |
| 3:42 | Crear | Villager (Male) |
| 4:00 | Construir | Mill |
| 4:04 | Crear | Villager (Male) |
| 4:22 | Crear | Villager (Male) |
| 4:56 | Crear | Villager (Male) |
| 5:09 | Construir | House |
| 6:33 | Crear | Villager (Male) |
| 6:33 | Crear | Villager (Male) |
| 6:56 | Crear | Villager (Male) |
| 8:17 | Crear | Villager (Male) |
| 8:17 | Crear | Villager (Male) |
| 9:20 | Crear | Villager (Male) |
| 9:20 | Crear | Villager (Male) |
| 9:39 | Construir | Barracks |
| 9:51 | Construir | Farm |
| 9:58 | Crear | Villager (Male) |
| 9:58 | Crear | Villager (Male) |
| 10:14 | Construir | Farm |
| 10:19 | Construir | House |
| 10:29 | Construir | Farm |
| 10:43 | Construir | House |
| 10:44 | Construir | House |
| 10:46 | Construir | House |
| 11:44 | Construir | Lumber Camp |
| 12:02 | Investigar | Feudal Age |
| 12:03 | Crear | Villager (Male) |
| 12:03 | Crear | Villager (Male) |
| 12:03 | Crear | Villager (Male) |
| 14:12 | Edad | Edad Feudal |
| 14:15 | Crear | Villager (Male) |
| 14:19 | Crear | Spearman |
| 14:20 | Crear | Spearman |
| 14:20 | Crear | Spearman |
| 14:48 | Construir | Farm |
| 14:57 | Investigar | Double-Bit Axe |
| 15:11 | Crear | Spearman |
| 15:19 | Crear | Spearman |
| 15:29 | Investigar | Wheelbarrow |
| 15:30 | Crear | Villager (Male) |
| 16:42 | Construir | Farm |
| 16:47 | Construir | Mining Camp |
| 17:03 | Crear | Villager (Male) |
| 17:57 | Construir | Farm |
| 17:59 | Crear | Villager (Male) |
| 18:00 | Crear | Villager (Male) |
| 18:26 | Construir | Farm |
| 18:35 | Construir | Farm |
| 18:38 | Construir | Farm |
| 19:01 | Construir | Farm |
| 19:10 | Investigar | Arson |
| 19:31 | Construir | Farm |
| 19:45 | Crear | Villager (Male) |
| 19:48 | Crear | Villager (Male) |
| 20:26 | Crear | Villager (Male) |
| 20:42 | Construir | House |
| 21:10 | Construir | Market |
| 21:44 | Construir | Blacksmith |
| 21:54 | Construir | Farm |
| 21:56 | Crear | Villager (Male) |
| 22:46 | Construir | Archery Range |
| 22:49 | Construir | Archery Range |
| 23:03 | Crear | Villager (Male) |
| 23:03 | Crear | Villager (Male) |
| 23:03 | Crear | Villager (Male) |
| 23:04 | Crear | Villager (Male) |
| 23:04 | Crear | Villager (Male) |
Cronología de la partida
| 5:52 | 𝕬𝟏𝖀𝟒𝕯𝟖𝖀𝟖 · wall_segment Palisade Wall x31 |
| 6:40 | Comander · wall_segment Palisade Wall x15 |
| 7:20 | 𝕬𝟏𝖀𝟒𝕯𝟖𝖀𝟖 · wall_segment Palisade Wall x7 |
| 7:38 | 𝕬𝟏𝖀𝟒𝕯𝟖𝖀𝟖 · wall_segment Palisade Wall x6 |
| 8:31 | 𝕬𝟏𝖀𝟒𝕯𝟖𝖀𝟖 · wall_segment Palisade Wall x27 |
| 9:39 | AMIGO MAICOL · first_building Barracks |
| 10:07 | Mojojoto · age_up feudal |
| 11:05 | leocancer8767 · age_up feudal |
| 11:26 | SNES · first_building Barracks |
| 11:34 | Baku74 · age_up feudal |
| 11:43 | Comander · wall_segment Palisade Wall x1 |
| 11:45 | Comander · wall_segment Palisade Wall x1 |
| 11:52 | c16levi.braley · age_up feudal |
| 12:10 | c16levi.braley · first_building Barracks |
| 12:23 | SNES · age_up feudal |
| 12:53 | 𝕬𝟏𝖀𝟒𝕯𝟖𝖀𝟖 · wall_segment Palisade Wall x1 |
| 12:54 | 𝕬𝟏𝖀𝟒𝕯𝟖𝖀𝟖 · wall_segment Palisade Wall x1 |
| 12:55 | 𝕬𝟏𝖀𝟒𝕯𝟖𝖀𝟖 · wall_segment Palisade Wall x1 |
| 12:56 | 𝕬𝟏𝖀𝟒𝕯𝟖𝖀𝟖 · wall_segment Palisade Wall x1 |
| 12:58 | 𝕬𝟏𝖀𝟒𝕯𝟖𝖀𝟖 · wall_segment Palisade Wall x1 |
| 12:59 | 𝕬𝟏𝖀𝟒𝕯𝟖𝖀𝟖 · wall_segment Palisade Wall x1 |
| 13:00 | 𝕬𝟏𝖀𝟒𝕯𝟖𝖀𝟖 · wall_segment Palisade Wall x1 |
| 13:02 | 𝕬𝟏𝖀𝟒𝕯𝟖𝖀𝟖 · wall_segment Palisade Wall x1 |
| 13:19 | Baku74 · wall_segment Palisade Wall x7 |
| 13:31 | 𝕬𝟏𝖀𝟒𝕯𝟖𝖀𝟖 · age_up feudal |
| 13:51 | Comander · age_up feudal |
| 14:12 | AMIGO MAICOL · age_up feudal |
| 14:28 | c16levi.braley · wall_segment Stone Wall x31 |
| 14:36 | Baku74 · wall_segment Palisade Wall x1 |
| 15:13 | 𝕬𝟏𝖀𝟒𝕯𝟖𝖀𝟖 · wall_segment Palisade Wall x1 |
| 15:19 | Comander · resign |
| 17:48 | leocancer8767 · age_up castle |
| 17:58 | SNES · age_up castle |
| 18:32 | Baku74 · first_building Barracks |
| 19:04 | SNES · first_building Stable |
| 19:22 | Baku74 · wall_segment Palisade Wall x1 |
| 19:39 | Baku74 · first_building Archery Range |
| 19:46 | Baku74 · wall_segment Palisade Wall x1 |
| 19:48 | leocancer8767 · first_building Barracks |
| 20:35 | Baku74 · age_up castle |
| 20:46 | leocancer8767 · first_building Stable |
| 22:31 | AMIGO MAICOL · tribute_sent a jugador 1 |
| 22:31 | AMIGO MAICOL · tribute_sent a jugador 2 |
| 22:31 | AMIGO MAICOL · tribute_sent a jugador 3 |
| 22:31 | AMIGO MAICOL · tribute_sent a jugador 4 |
| 22:31 | AMIGO MAICOL · tribute_sent a jugador 5 |
| 22:31 | AMIGO MAICOL · tribute_sent a jugador 6 |
| 22:31 | AMIGO MAICOL · tribute_sent a jugador 7 |
| 22:46 | AMIGO MAICOL · first_building Archery Range |
| 23:04 | Baku74 · first_building Siege Workshop |
[ ANÁLISIS IA · 1 CRÉDITO ]
¿Qué pasó realmente en esta partida?
Wolo.gg analiza cada decisión: build order, eco, micro, errores típicos por bracket. Análisis personalizado por WhatsApp o Discord en 30 segundos.
Guía civ
Borgoñones
Perfil
Jugador #8902208